 Dungeon Crawl Stone Soup version 0.28.0-53-g5a82cb258f (webtiles) character file.

Game seed: 14096863778130379256

20 Zeld the Ogre Mage (level 2, -4/25 (28) HPs)
             Began as an Ogre Transmuter on June 7, 2022.
             Killed from afar by an orc wizard (5 damage)
             ... with a magic dart
             ... on level 3 of the Dungeon.
             The game lasted 00:00:49 (943 turns).

Zeld the Ogre Mage (Ogre Transmuter)                 Turns: 943, Time: 00:00:50

HP:   -4/25 (28)    AC:  3    Str: 13    XL:     2   Next: 79%
MP:   4/6           EV:  9    Int: 14    God:
Gold: 50            SH:  0    Dex:  9    Spells: 4/7 levels left

rFire   . . .      SeeInvis .     - Unarmed
rCold   . . .      Faith    .   (no shield)
rNeg    . . .      Spirit   .   a - +0 robe
rPois   .          Reflect  .   (helmet currently unavailable)
rElec   .          Harm     .   (no cloak)
rCorr   .          Rampage  .   (gloves unavailable)
Will    .....                   (boots unavailable)
Stlth   +.........              (no amulet)
HPRegen 0.08/turn               (no ring)
MPRegen 0.10/turn               (no ring)

@: confused, appendages, wereblooded, heavily drained
A: horns 2, talons 2, large, unfitting armour, tough skin 1
a: End Transformation


You were on level 3 of the Dungeon.
You had temporarily grown beastly horns and talons.
You visited 1 branch of the dungeon, and saw 3 of its levels.

You collected 50 gold pieces.

Inventory:

Armour
 a - a +0 robe (worn)
Potions
 b - a potion of haste {unknown}
 c - a potion of ambrosia {unknown}


   Skills:
 + Level 2.0 Fighting
 - Level 1.7 Dodging
 - Level 2.6 Unarmed Combat
 * Level 3.0 Spellcasting
 * Level 2.3 Transmutations


You had 4 spell levels left.
You knew the following spells:

 Your Spells              Type           Power      Damage    Failure   Level
a - Beastly Appendage     Tmut           16%        N/A       9%          1
b - Wereblood             Tmut           8%         N/A       13%         2

Your spell library contained the following spells:

 Spells                   Type           Power      Damage    Failure   Level
 Spider Form              Tmut/Pois      5%         N/A       38%         3
 Ice Form                 Ice/Tmut       5%         N/A       80%         4


Dungeon Overview and Level Annotations

Branches:
Dungeon (3/15)

Altars:


Innate Abilities, Weirdness & Mutations

You have temporarily grown beastly horns and talons.
You are too large for most types of armour.
You have tough skin. (AC +1)


Message History

You grow a pair of large bovine horns.
Your feet morph into talons.
Casting: Beastly Appendage (safe; 9% risk of failure)
Confirm with . or Enter, or press ? or * to list all spells.
Your blood is infused with primal strength.
You climb downwards.
There is a stone staircase leading up here.
The orc hits you with a +0 trident!
You hit the orc.
The orc is heavily wounded.
The orc hits you with a +0 trident.
You completely miss the orc. Your kick misses the orc.
The orc is heavily wounded.
The orc wizard barely misses you. The orc closely misses you.
You hit the orc wizard.
You claw the orc wizard, but do no damage.
Your headbutt misses the orc wizard.
The orc wizard is lightly wounded.
The orc wizard hits you but does no damage.
You feel drained. The orc misses you.
You hit the orc wizard.
The orc wizard is moderately wounded.
The orc hits you but does no damage.
The orc wizard hits you with a +0 dagger of draining.
You feel drained. The orc closely misses you.
You hit the orc wizard.
The orc wizard is moderately wounded.
The orc hits you with a +0 club.
The orc wizard gestures at you while chanting.
You are confused.
You bump into the rock wall.
The orc hits you with a +0 trident!
* * * LOW HITPOINT WARNING * * *
The goblin barely misses you. The orc hits you but does no damage.
The orc wizard hits you with a +0 dagger of draining.
* * * LOW HITPOINT WARNING * * *
You feel drained.
Unknown command.
The orc closely misses you.
The orc wizard gestures at you while chanting.
The magic dart hits you.
You die...

..# #...)o. #.# #.#.###
#.#####.#.###
#.##.{..o..## #
######.##.##......
.#.#.##.........#####.##
.......oo....#### .##
#.#.##g####.# .##
#.....@o....#
.............#
###..######..# #.. #..#
... #..# ### #..#


You could see an orc wizard, 2 orcs and a goblin.

Vanquished Creatures
  3 orcs (D:3)
  5 ball pythons
  An endoplasm (D:1)
  A giant cockroach (D:1)
  A goblin (D:1)
  A hobgoblin (D:2)
  A quokka (D:1)
  2 bats (D:2)
  A frilled lizard (D:2)
16 creatures vanquished.

Notes
Turn   | Place    | Note
-------+----------+-------------------------------------------
     0 | D:1      | Zeld the Ogre Transmuter began the quest for the Orb.
     0 | D:1      | Reached XP level 1. HP: 19/19 MP: 3/3
   225 | D:1      | Reached XP level 2. HP: 7/28 MP: 3/5
   231 | D:1      | Learned a level 2 spell: Wereblood
   714 | D:3      | Reached skill level 3 in Spellcasting
   942 | D:3      | HP: 1/26 [orc wizard/+0 dagger of draining (2)]
   943 | D:3      | Killed from afar by an orc wizard

Illustrated notes

Levels and vault maps discovered:
D:1:      evilmike_arrival_rings, layout_rooms, hangedman_decor_growths,
          minivault_27, nicolae_figureground_sparkle
D:2:      layout_loops_ring, basic_altar
D:3:      layout_loops_ring, serial_shops, shop, shop,
          hellmonk_ecumenical_altar_arch_garden, minmay_misc_feat_x,
          grunt_ministairs_14, grunt_decor_mini_mirrors

Skill      XL: |  1  2 |
---------------+-------+-----
Transmutations | 2 |  2.3
Spellcasting   | 3 |  3.0
Fighting       | 2 |  2.0
Dodging        | |  1.7
Unarmed Combat | |  2.6

Action                   || total
-------------------------++-------
Melee: Unarmed           ||    52
       Kick              ||    12
       Headbutt          ||     4
       Punch             ||     1
 Cast: Beastly Appendage ||    14
       Wereblood         ||     2
Armor: Robe              ||    24
Dodge: Dodged            ||    42
